 Dungeon Crawl Stone Soup version 0.16.0-12-g7215832 (webtiles) character file.

52 Fluffy the Gusty (level 3, 0/19 HPs)
             Began as a Tengu Air Elementalist on Mar 18, 2015.
             Slain by Crazy Yiuf
             ... wielding a +3 quarterstaff of chaos
              (5 damage)
             ... on level 2 of the Dungeon.
             The game lasted 00:05:16 (1426 turns).

Fluffy the Gusty (Tengu Air Elementalist)           Turns: 1426, Time: 00:05:17

Health: 0/19       AC:  2    Str:  8    XL:     3   Next: 85%
Magic:  1/7        EV: 12    Int: 16    God:
Gold:   88         SH:  0    Dex: 14    Spells: 1 memorised, 5 levels left

rFire  . . .     SeeInvis .     d - +0 hand axe
rCold  . . .     Clarity  .     a - +0 robe
rNeg   . . .     SustAb   .     (no shield)
rPois  .         Gourm    .     (helmet restricted)
rElec  .         Spirit   .     (no cloak)
rCorr  .         Warding  .     (no gloves)
rMut   .         Stasis   .     (boots unavailable)
MR     .....                    (no amulet)
Stlth  ++........               (no ring)
                                (no ring)

@: not resistant to hostile enchantments, unstealthy
A: beak, talons 3
a: no special abilities


You were on level 2 of the Dungeon.
You were not hungry.

You visited 1 branch of the dungeon, and saw 2 of its levels.

You collected 88 gold pieces.

Inventory:

Hand weapons
 d - a +0 hand axe (weapon)
Armour
 a - a +0 robe (worn)
Scrolls
 e - a scroll of blinking {unknown}
 f - 3 scrolls of identify {unknown}
 g - a scroll of enchant armour {unknown}
 k - a scroll of fog {unknown}
Potions
 l - 2 potions of might {unknown}
Books
 b - a book of Air

   Spells                             Type                      Level
   a - Shock                          Conjuration/Air              1
   b - Swiftness                      Charms/Air                   2
   c - Repel Missiles                 Charms/Air                   2
   d - Flight                         Charms/Air                   3
   e - Static Discharge               Conjuration/Air              3
   f - Lightning Bolt                 Conjuration/Air              5
 j - a book of Maledictions

   Spells                             Type                      Level
   a - Corona                         Hexes                        1
   b - Sure Blade                     Hexes/Charms                 2
   c - Ensorcelled Hibernation        Hexes/Ice                    2
   d - Confuse                        Hexes                        3
   e - Dazzling Spray                 Conjuration/Hexes            3
   f - Enslavement                    Hexes                        4
Comestibles
 c - a bread ration
 h - a meat ration
 i - 2 fruits


   Skills:
 - Level 2.1 Dodging
 - Level 2.0 Stealth
 - Level 2.0 Spellcasting
 + Level 3.2 Conjurations
 + Level 5.3 Air Magic


You had 5 spell levels left.
You knew the following spells:

 Your Spells              Type           Power        Failure   Level  Hunger
a - Shock                 Conj/Air       ###.         4%          1    #......


Dungeon Overview and Level Annotations

Branches:
Dungeon (2/15)

Altars:

Annotations:
D:2 Crazy Yiuf


Innate Abilities, Weirdness & Mutations

You have a beak for a mouth.
You have claws for feet.


Message History

Casting: Shock
Confirm with . or Enter, or press ? or * to list all spells.
Aiming: Shock
Press: ? - help, Shift-Dir - straight line, f/p - Crazy Yiuf
Aim: Crazy Yiuf, wielding a quarterstaff of chaos and wearing a cloak (moderately wounded)
The zap hits Crazy Yiuf.
Crazy Yiuf appears unharmed.
Crazy Yiuf is moderately wounded.
Crazy Yiuf misses you.
Casting: Shock
Confirm with . or Enter, or press ? or * to list all spells.
Aiming: Shock
Press: ? - help, Shift-Dir - straight line, f/p - Crazy Yiuf
Aim: Crazy Yiuf, wielding a quarterstaff of chaos and wearing a cloak (moderately wounded)
The zap hits Crazy Yiuf.
Crazy Yiuf is moderately wounded.
Crazy Yiuf says, "Pitchfork!
Prologue Hive toodlewoodle."
Crazy Yiuf says, "Trifle arm pontify!"
Crazy Yiuf whimpers, "Orb!
Mama pizzabubble tired."
Crazy Yiuf hits you with a quarterstaff of chaos.
You die...

##########....#....#.........
#....#.............. ###
#....#.............. #).
#..รท.#.............. #))
#....#....####....>. ).
#....#....####...... #.
#....#............## .##
#....#...########## #)#
#.g@......# #.## #.#######.#
##.# #.# #.# ##.## #.# #.#
#...# #.# #.# #...# #.# #.#
##..## #.# #.# #....###.# #.#
#........# #.#


You could see Crazy Yiuf.

Vanquished Creatures
  A worm (D:2)
  2 giant geckos (D:2)
  A ball python (D:2)
  9 bats
  3 giant cockroaches
  5 goblins
  5 hobgoblins (D:1)
  4 kobolds
  3 giant newts (D:1)
  A quokka (D:2)
  7 rats
41 creatures vanquished.

Notes
Turn   | Place    | Note
--------------------------------------------------------------
     0 | D:1      | Fluffy, the Tengu Air Elementalist, began the quest for the Orb.
     0 | D:1      | Reached XP level 1. HP: 10/10 MP: 3/3
   184 | D:1      | Reached XP level 2. HP: 13/15 MP: 0/5
   643 | D:1      | Reached XP level 3. HP: 19/19 MP: 0/7
   971 | D:2      | Reached skill level 5 in Air Magic
  1400 | D:2      | Noticed Crazy Yiuf
  1426 | D:2      | Slain by Crazy Yiuf

Action                   || total
-------------------------++-------
Melee: Hand axe          ||     7
 Cast: Shock             ||    86
  Eat: Chunk             ||     3
